 Dungeon Crawl Stone Soup version 0.21-a0-265-gb353147 (webtiles) character file.

3108 Monsterracer the Cleaver (level 9, 0/127 HPs)
             Began as a Minotaur Berserker on Sept 12, 2017.
             Was a High Priest of Trog.
             Killed by vampiric draining
             ... invoked by a vampire
              (10 damage)
             ... on level 6 of the Dungeon.
             The game lasted 00:06:50 (5747 turns).

Monsterracer the Cleaver (Minotaur Berserker)       Turns: 5747, Time: 00:06:51

Health: 0/127      AC: 12    Str: 30    XL:     9   Next: 60%
Magic:  8/8        EV: 13    Int:  4    God:    Trog [*****.]
Gold:   324        SH:  0    Dex: 10    Spells: 8/8 levels left

rFire    . . .     SeeInvis .   a - +0 war axe
rCold    . . .     Gourm    .   (no shield)
rNeg     . . .     Faith    .   l - +1 ring mail
rPois    .         Spirit   .   (helmet restricted)
rElec    .         Reflect  .   n - +1 cloak
rCorr    .         Harm     .   g - +1 pair of gloves
MR       .....                  (no boots)
Stlth    ..........             (no amulet)
HPRegen  0.31/turn              q - ring of flight
MPRegen  0.11/turn              (no ring)

@: berserking, very quick
A: retaliatory headbutt, horns 2
a: Berserk, Trog's Hand, Brothers in Arms, Burn Spellbooks, Renounce Religion,
Evoke Flight


You were on level 6 of the Dungeon.
You worshipped Trog.
Trog was extremely pleased with you.
You were not hungry.

You visited 1 branch of the dungeon, and saw 7 of its levels.
You also visited: Ossuary.

You collected 324 gold pieces.

Inventory:

Hand Weapons
 a - a +0 war axe (weapon)
 b - a +0 flail
Armour
 g - a +1 pair of gloves (worn)
 l - a +1 ring mail (worn)
 n - a +1 cloak (worn)
Jewellery
 q - a ring of flight (left hand)
Scrolls
 c - 2 scrolls of enchant weapon
 m - 3 scrolls of remove curse
 r - 3 scrolls of teleportation
Potions
 d - 2 potions of ambrosia
 e - 4 potions of degeneration
 h - a potion of might
 i - 2 potions of heal wounds
 k - a potion of berserk rage
 o - 3 potions of flight
 p - 4 potions of agility
 s - 8 potions of curing
 t - a potion of haste {unknown}
 u - a potion of brilliance {unknown}
Comestibles
 f - 3 fruits
 j - 8 bread rations


   Skills:
 * Level 10.1 Fighting
 * Level 10.2 Axes
 + Level 7.0 Armour
 + Level 5.9 Dodging


You had 8 spell levels left.
You didn't know any spells.

Dungeon Overview and Level Annotations

Branches:
Dungeon (7/15)             Temple (0/1) D:4

Altars:
Cheibriados
Nemelex Xobeh
Okawaru
Sif Muna
Trog
Xom
The Shining One

Shops:
D:6 *

Annotations:
D:7 namelastname112's ghost, novice DgIE


Innate Abilities, Weirdness & Mutations

You reflexively headbutt those who attack you in melee.
You have a pair of horns on your head.


Message History

You resist with some effort.
Unknown command.
You hit the vampire. Your headbutt misses the vampire.
The vampire is heavily damaged.
You closely miss the vampire. You headbutt the vampire.
The vampire is severely damaged.
The vampire is infused with unholy energy.
* * * LOW HITPOINT WARNING * * *
The vampire draws life force from you and is healed!
Huge Dmg: -11%(-14hp) hp: 8%(10hp)
You slash the vampire!
The vampire is severely damaged.
The vampire gestures wildly while chanting.
The vampire flickers and vanishes!
You closely miss something. You headbutt something.
Unknown command.
You hit something. Something hits you but does no damage.
Something barely misses you.
You barely miss something.
Unholy energy fills the air.
You die...

#.......####.#####
#..####..........# #..#
######.###.### #..#
##...#.#≈≈.≈≈### #..#
##.###..#≈#'#≈... ##..# #..#
#..).'_'..##
##.#.###..###..#≈#'#≈###
##.###.##.#....(>≈≈.≈≈..# #.##
##.@[......###.###.#
##.###.##{####)## #.# #.#
##.#.###.# #.# #.# #.# ##.##
#.# ##.####.# #))
##.########.......###..
########...##.'_')..#######..)
#.............###...# #...
#/####.#...####.##..# #... #.#
#.##.## #.##.)########..


There were no monsters in sight!

Vanquished Creatures
  Menkaure (D:7)
  3 ogres
  A phantom (D:6)
  3 centaurs
  6 bullfrogs
  12 scorpions
  A water moccasin skeleton (D:7)
  4 wights (D:7)
  2 howler monkeys (D:7)
  2 crimson imps
  3 centaur zombies (Ossuary)
  4 hounds
  2 human zombies (Ossuary)
  2 orc priests
  A bullfrog skeleton (D:6)
  A centaur skeleton (D:5)
  Ijyb (D:5)
  2 iguanas (D:4)
  8 orc wizards
  3 worker ants
  4 big kobold zombies (Ossuary)
  A hound zombie (D:7)
  3 mummies (Ossuary)
  4 gnolls (D:7)
  3 scorpion zombies (Ossuary)
  2 adders
  A shadow imp (D:5)
  An ooze (D:2)
  An adder zombie (D:6)
  A worm (D:2)
  A dart slug (D:1)
  6 leopard geckos
  23 orcs
  9 bats
  5 giant cockroaches
  A gnoll zombie (Ossuary)
  3 goblins
  5 hobgoblins
  7 jackals
  5 quokkas
  4 frilled lizards
  4 goblin zombies (Ossuary)
  A hobgoblin zombie (Ossuary)
  9 kobolds
  A kobold zombie (Ossuary)
  A leopard gecko zombie (D:3)
  2 orc zombies (Ossuary)
  6 rats
176 creatures vanquished.

Vanquished Creatures (others)
  An orc zombie (Ossuary)
1 creature vanquished.

Grand Total: 177 creatures vanquished

Notes
Turn   | Place    | Note
-------+----------+-------------------------------------------
     0 | D:1      | Monsterracer the Minotaur Berserker began the quest for the Orb.
     0 | D:1      | Reached XP level 1. HP: 19/19 MP: 0/0
   321 | D:1      | Reached XP level 2. HP: 20/27 MP: 1/1
   964 | D:2      | Reached XP level 3. HP: 26/33 MP: 2/2
  1028 | D:2      | Reached ** piety under Trog
  1685 | D:3      | Reached XP level 4. HP: 41/41 MP: 3/3
  1975 | D:3      | Found a sparkling altar of Nemelex Xobeh.
  2191 | D:3      | Reached skill level 5 in Fighting
  2402 | D:4      | Found a shimmering altar of Xom.
  2422 | D:4      | Noticed an ogre
  2431 | D:4      | Killed an ogre
  2431 | D:4      | Reached skill level 5 in Axes
  2431 | D:4      | Reached XP level 5. HP: 48/48 MP: 4/4
  2625 | D:4      | Reached XP level 6. HP: 57/57 MP: 5/5
  2781 | D:4      | Found a bloodstained altar of Trog.
  2845 | D:4      | Reached *** piety under Trog
  2861 | D:4      | Found a staircase to the Ecumenical Temple.
  2871 | D:4      | HP: 25/57 [iguana (5)]
  2890 | D:4      | Reached XP level 7. HP: 31/64 MP: 6/6
  2894 | D:4      | HP: 31/96 [something (1)]
  3197 | D:5      | Entered Level 5 of the Dungeon
  3291 | D:5      | Noticed Ijyb
  3300 | D:5      | Killed Ijyb
  3519 | D:5      | Found a sand-covered staircase.
  3531 | Ossuary  | Entered an ossuary
  3760 | Ossuary  | Reached skill level 5 in Armour
  3765 | Ossuary  | Reached XP level 8. HP: 50/73 MP: 7/7
  4135 | Ossuary  | Reached skill level 5 in Dodging
  4369 | D:5      | Reached **** piety under Trog
  4719 | D:6      | Found a glowing golden altar of the Shining One.
  4825 | D:6      | Reached XP level 9. HP: 76/83 MP: 8/8
  4833 | D:6      | Found a snail-covered altar of Cheibriados.
  4881 | D:6      | Found a deep blue altar of Sif Muna.
  4953 | D:6      | Found Fumex's Fabulous Fripperies.
  5433 | D:7      | Found an iron altar of Okawaru.
  5453 | D:7      | Noticed namelastname112's ghost (novice DgIE)
  5458 | D:7      | Noticed Menkaure
  5479 | D:7      | Reached ***** piety under Trog
  5479 | D:7      | Reached skill level 10 in Axes
  5490 | D:7      | Reached skill level 10 in Fighting
  5494 | D:7      | HP: 33/85 [??? (31)]
  5498 | D:7      | Killed Menkaure
  5499 | D:7      | HP: 31/85 [orc (4)]
  5734 | D:7      | HP: 41/85 [ice beast[namelastname112's ghost] (6)]
  5740 | D:6      | HP: 24/127 [vampire (10)]
  5743 | D:6      | HP: 10/127 [vampire/vampiric draining (15)]
  5747 | D:6      | Killed from afar by a vampire

Vault maps used:
D:1:      minmay_arrival_widening_spiral_wide
D:2:      first_bread
D:3:      nemelex_xobeh_ov_fountains_minmay, st_stairs_14,
          minmay_misc_feat_four_crosses
D:4:      lightli_temple_of_fire, minmay_temple_entry_overgrown,
          xom_teletrap_fun
D:5:      nicolae_ossuary_entry_monument, uniq_ijyb
D:6:      kennysheep_mini, kennysheep_mini_moat, lemuel_crystal_altar,
          nicolae_alphabet_shops, item_on_display_a
D:7:      nicolae_overflow_crystal_walls, gammafunk_temple_overflow_statue,
          okawaru_ov_weapons_minmay, uniq_menkaure
Ossuary:  ossuary_minmay_scorpions

Skill      XL: |  1  2  3  4  5  6  7  8  9 |
---------------+----------------------------+-----
Fighting       | 4 5 6 7 9 10 | 10.1
Axes           | 4 5 6 7 9 10 | 10.2
Armour         | 3 4 5 6 7 |  7.0
Dodging        | 3 4 5 |  5.9

Action                   |  1- 3 |  4- 6 |  7- 9 || total
-------------------------+-------+-------+-------++-------
Melee: Hand axe          |    99 |       |       ||    99
       Headbutt          |    15 |     8 |    58 ||    81
       War axe           |       |    42 |   273 ||   315
Invok: Berserk           |     1 |     4 |     5 ||    10
  Use: Scroll            |     6 |     5 |     5 ||    16
  Eat: Chunk             |     2 |     8 |     5 ||    15
       Meat ration       |       |       |     2 ||     2
       Royal jelly       |       |       |     1 ||     1
Armor: Animal skin       |    10 |       |       ||    10
       Ring mail         |    20 |     8 |   131 ||   159
Dodge: Dodged            |    60 |    32 |   190 ||   282

Table legend:
 A = Spawn XP
 B = Non-spawn XP
 C = Spawn XP percentage of total XP
 D = Spawn monster count
 E = Non-spawn monster count
 F = Spawn count percentage of total count
 G = Total turns spent on level
                    A         B        C        D         E        F      G
               +---------+---------+-------+---------+---------+-------+---------
         Total |       0 |    4441 |   0.0 |       0 |     176 |   0.0 |  5747
               +---------+---------+-------+---------+---------+-------+---------
           D:1 |       0 |      25 |   0.0 |       0 |      14 |   0.0 |   861
           D:2 |       0 |      45 |   0.0 |       0 |      23 |   0.0 |   766
           D:3 |       0 |      81 |   0.0 |       0 |      16 |   0.0 |   765
           D:4 |       0 |     679 |   0.0 |       0 |      20 |   0.0 |   805
           D:5 |       0 |     554 |   0.0 |       0 |      15 |   0.0 |   813
           D:6 |       0 |     583 |   0.0 |       0 |      19 |   0.0 |   867
           D:7 |       0 |    1384 |   0.0 |       0 |      35 |   0.0 |   191
       Ossuary |       0 |    1090 |   0.0 |       0 |      34 |   0.0 |   679
               +---------+---------+-------+---------+---------+-------+---------
